Map: Ice and Chrome LE

Players

Spatz

  • Race: Protoss Protoss
  • League: Master
  • Spawn Location: 7:00

GunGFuBanDa - Winner!

  • Race: Protoss Protoss
  • League: Master
  • Spawn Location: 1:00

Event: DreamHack SC2 Masters 2020 Summer Europe

VOD

Have the link to the VOD?

Description

Time

  • Played on: June 25, 2020, 11:17 a.m.
  • Length: 9:47

All games in this series

Show
View Real Time Build Order
Export as new Build Order

Spatz Protoss 

Build Orders: Blink Stalkers 

Get SALT Encoding   

  12  0:01  Probe  
  13  0:13  Probe  
  14  0:18  Pylon  
  14  0:23  Probe  
  15  0:32  Probe  
  15  0:38  Gateway  
  15  0:40  Probe  
  16  0:48  Assimilator  
  17  0:52  Probe  
  17  0:54  Assimilator  
  18  1:00  Probe  
  18  1:08  Gateway, Probe  
  20  1:19  Probe  
  20  1:25  Cybernetics Core  
  21  1:31  Probe  
  22  1:33  Pylon  
  22  1:43  Probe  
  23  1:55  Probe  
  23  1:57  Warp Gate  
  23  2:01  Adept x2  
  26  2:07  Probe  
  29  2:13  Pylon  
  29  2:19  Probe  
  30  2:31  Adept x2  
  33  2:48  Nexus  
  33  2:56  Shield Battery  
  33  3:05  Adept  
  33  3:06  Adept  
  33  3:11  Pylon  
  37  3:23  Twilight Council  
  37  3:24  Probe  
  38  3:37  Probe  
  39  3:41  Blink  
  39  3:45  Sentry, Stalker, Probe  
  43  3:53  Probe  
  44  4:00  Probe  
  44  4:01  Probe  
  46  4:09  Sentry  
  49  4:10  Stalker  
  49  4:12  Probe  
  52  4:21  Probe  
  50  4:27  Probe  
  50  4:30  Gateway  
  48  4:33  Gateway  
  48  4:34  Stalker  
  48  4:36  Probe  
  51  4:40  Probe  
  52  4:46  Stalker  
  52  4:48  Probe  
  55  4:55  Pylon, Probe  
  52  5:09  Stalker x2  
  52  5:10  Probe  
  52  5:11  Assimilator  
  57  5:14  Pylon  
  57  5:28  Stalker  
  57  5:29  Stalker  
  57  5:30  Shield Battery  
  57  5:33  Stalker x2  
  58  5:43  Probe  
  58  5:45  Probe  
  60  5:57  Stalker x4  
  60  6:00  Probe, Pylon  
  69  6:22  Stalker x4  
  77  6:31  Probe  
  77  6:32  Probe  
  70  6:50  Stalker x4  
  70  6:53  Probe x2  
  68  7:05  Probe x2  
  68  7:08  Resonating Glaives  
  70  7:17  Probe x2  
  70  7:22  Gateway x2  
  70  7:26  Sentry, Adept  
  70  7:29  Probe x2  
  76  7:37  Adept  
  76  7:38  Adept, Gateway  
  76  7:43  Pylon  
  80  7:52  Nexus  
  80  8:00  Adept  
  80  8:01  Adept  
  80  8:05  Pylon  
  84  8:09  Adept x2  
  88  8:18  Adept x2  
  92  8:25  Adept x2  
  96  8:37  Adept x3  
  96  8:41  Pylon  
  98  9:03  Adept x7  
  112  9:15  Pylon  
  96  9:25  Adept x6  
Show
View Real Time Build Order
Export as new Build Order

GunGFuBanDa Protoss - Winner!

Build Orders:  

Get SALT Encoding   

  12  0:00  Probe  
  13  0:13  Probe  
  14  0:19  Pylon  
  14  0:24  Probe  
  15  0:33  Probe  
  15  0:37  Gateway  
  15  0:41  Probe  
  16  0:46  Assimilator  
  17  0:52  Probe  
  17  0:55  Assimilator  
  18  1:00  Probe  
  18  1:08  Probe  
  18  1:10  Gateway  
  20  1:20  Probe  
  21  1:25  Cybernetics Core  
  21  1:32  Probe  
  22  1:37  Pylon  
  22  1:44  Probe  
  23  1:56  Probe  
  24  2:01  Adept x2, Warp Gate  
  28  2:14  Pylon  
  28  2:16  Pylon  
  28  2:23  Probe  
  29  2:31  Adept  
  29  2:32  Adept  
  33  2:49  Nexus  
  33  3:01  Shield Battery  
  33  3:05  Adept  
  34  3:09  Adept  
  36  3:15  Probe  
  37  3:22  Shield Battery  
  37  3:27  Probe  
  37  3:31  Forge  
  38  3:40  Probe  
  38  3:41  Pylon  
  39  3:59  Probe  
  39  4:00  Sentry x2, Robotics Facility  
  44  4:03  Protoss Ground Weapons Level 1  
  44  4:04  Probe  
  45  4:19  Probe  
  45  4:21  Probe  
  42  4:27  Probe  
  42  4:29  Sentry, Probe  
  44  4:35  Probe  
  44  4:37  Probe  
  46  4:43  Shield Battery  
  48  4:46  Probe  
  48  4:48  Observer  
  48  4:49  Probe  
  51  4:57  Immortal  
  51  4:59  Probe  
  52  5:02  Probe  
  53  5:11  Probe x2  
  58  5:17  Pylon  
  58  5:20  Probe  
  59  5:23  Probe  
  59  5:25  Immortal  
  59  5:38  Immortal  
  55  5:44  Probe  
  55  5:47  Adept x2  
  58  5:55  Immortal  
  58  5:56  Probe  
  58  5:57  Probe  
  60  5:59  Shield Battery  
  60  6:08  Stalker x2, Probe  
  60  6:09  Probe  
  70  6:12  Pylon  
  70  6:14  Twilight Council  
  70  6:30  Probe x2  
  72  6:32  Zealot  
  72  6:33  Stalker  
  72  6:38  Immortal  
  76  6:41  Pylon  
  76  6:42  Protoss Ground Weapons Level 2  
  78  6:57  Assimilator, Blink  
  78  6:59  Pylon  
  78  7:00  Gateway, Zealot  
  78  7:01  Gateway  
  78  7:08  Assimilator  
  78  7:11  Pylon  
  78  7:17  Warp Prism  
  80  7:25  Gateway  
  80  7:27  Gateway  
  80  7:35  Zealot  
  82  7:40  Gateway  
  82  7:41  Gateway  
  82  7:47  Pylon  
  82  7:51  Sentry  
  84  7:59  Phoenix  
  84  8:02  Stalker x3, Observer  
  90  8:15  Photon Cannon  
  90  8:20  Stalker x2  
  92  8:34  Stalker x4  
  92  8:38  Stalker x2  
  104  8:44  Photon Cannon  
  101  9:01  Stalker x4  
  109  9:07  Pylon  
  109  9:08  Pylon  
  107  9:26  Stalker x3  
  105  9:31  Stalker x2  
Tags
 
Add a new tag
Caveats
  • Supply blocks, unpowered buildings, or Contaminate may cause inaccurate times.
  • Supply counts are checked every 10 seconds.